 Dungeon Crawl Stone Soup version 0.28.0 (webtiles) character file.

Game seed: 3317725107194773994

300761 dolemite99 the Eternal Night (level 21, -4/165 HPs)
             Began as a Gnoll Ice Elementalist on Feb 15, 2022.
             Was the Champion of Dithmenos.
             Slain by a titan (27 damage)
             ... on level 3 of the Depths on Feb 16, 2022.
             The game lasted 02:58:00 (84018 turns).

dolemite99 the Eternal Night (GnIE)                Turns: 84018, Time: 02:58:01

Health: -4/165     AC: 18    Str: 13    XL:     21   Next: 2%
Magic:  33/39      EV: 18    Int: 27    God:    Dithmenos [******]
Gold:   600        SH:  5    Dex: 13    Spells: 4/49 levels left

rFire   + . .      SeeInvis .   J - +11 war axe of Excruciating Pain {protect, rElec Str+3}
rCold   + + +      Faith    .   (no shield)
rNeg    + . .      Spirit   .   Y - +3 acid dragon scales
rPois   +          Reflect  +   P - -2 hat of the Alchemist {rElec rPois rF+ rC+ rN+ Will+ rMut rCorr}
rElec   +          Harm     .   f - +1 cloak of Midwinter {rC+ Dex+2}
rCorr   +          Rampage  .   p - +0 pair of gloves of the Onion {Regen+ Int+3 Slay+3}
rMut    +                       m - +2 pair of boots {Stlth+}
Will    ++...                   S - amulet of reflection Stlth **++++++++
                                g - ring "Fothraonirph" {Fly rElec rC+ Str+2 Dex-3}
HPRegen 1.17/turn               h - +4 ring of protection {=R}
MPRegen 0.26/turn

@: corroded, flying, wreathed by umbra
A: fangs 1, strong nose, distributed training
}: 2/15 runes: decaying, gossamer
a: Renounce Religion, Shadow Step, Shadow Form


You were on level 3 of the Depths.
You worshipped Dithmenos.
Dithmenos was exalted by your worship.
You visited 8 branches of the dungeon, and saw 39 of its levels.

You collected 4648 gold pieces.
You spent 4048 gold pieces at shops.

Inventory:

Hand Weapons
 a - the +5 scimitar of the Blessed Realm {vorpal, Int+7}
   (You found it on level 2 of the Orcish Mines)

   It inflicts extra damage upon your enemies.
   Int:       It affects your intelligence (+7).
 b - a +7 hand crossbow of venom
 y - a +1 eveningstar of flaming
 J - the +11 war axe of Excruciating Pain (weapon) {protect, rElec Str+3}
   (You found it on level 11 of the Dungeon)

   It grants its wielder temporary protection when it strikes (+7 to AC).
   Str:       It affects your strength (+3).
   rElec:     It insulates you from electricity.
 K - a +6 scimitar of holy wrath
Missiles
 c - 29 boomerangs
 M - 4 silver javelins (quivered)
 V - 483 bolts
 W - 5 silver boomerangs
Armour
 f - the +1 cloak of Midwinter (worn) {rC+ Dex+2}
   (You found it on level 15 of the Dungeon)

   Dex:       It affects your dexterity (+2).
   rC:        It protects you from cold.
 m - a +2 pair of boots of stealth (worn)
 p - the +0 pair of gloves of the Onion (worn) {Regen+ Int+3 Slay+3}
   (You found it on level 4 of the Spider Nest)

   Int:       It affects your intelligence (+3).
   Slay:      It affects your accuracy & damage with ranged weapons and melee
   (+3).
   Regen:     It increases your rate of health regeneration.
 t - a +0 kite shield
 P - the -2 hat of the Alchemist (worn) {rElec rPois rF+ rC+ rN+ Will+ rMut rCorr}
   (You bought it in a shop on level 6 of the Dungeon)

   rF:        It protects you from fire.
   rC:        It protects you from cold.
   rElec:     It insulates you from electricity.
   rPois:     It protects you from poison.
   rN:        It protects you from negative energy.
   rCorr:     It protects you from acid and corrosion.
   rMut:      It protects you from mutation.
   Will:      It increases your willpower.
 Y - +3 acid dragon scales (worn)
Jewellery
 g - the ring "Fothraonirph" (left hand) {Fly rElec rC+ Str+2 Dex-3}
   (You found it on level 5 of the Lair of Beasts)

   [ring of flight]

   Str:       It affects your strength (+2).
   Dex:       It affects your dexterity (-3).
   rC:        It protects you from cold.
   rElec:     It insulates you from electricity.
   Fly:       It grants you flight.
 h - a +4 ring of protection (right hand) {=R}
 q - a ring of protection from fire
 z - a ring of see invisible
 C - an amulet of magic regeneration
 Q - a ring of protection from cold
 S - an amulet of reflection (around neck)
Wands
 e - a wand of polymorph (28)
 w - a wand of charming (2)
 I - a wand of paralysis (4)
 N - a wand of digging (13)
 X - a wand of flame (2)
 Z - a wand of mindburst (1)
Scrolls
 o - 9 scrolls of teleportation
 E - a scroll of identify {@r1}
 F - 7 scrolls of fog
 R - a scroll of silence
Potions
 j - 7 potions of might
 k - 7 potions of attraction
 l - 12 potions of curing
 s - 3 potions of berserk rage
 u - 4 potions of mutation
 x - 2 potions of resistance
 A - 2 potions of flight
 B - 6 potions of brilliance
 G - 21 potions of ambrosia
 H - a potion of invisibility
 L - 9 potions of lignification
 O - 3 potions of cancellation
 T - 2 potions of magic
Miscellaneous
 d - a phial of floods (inert)
 i - a phantom mirror (inert)
 n - a tin of tremorstones (inert)
 r - a box of beasts
 D - a lightning rod (2/4)
 U - a condenser vane (inert)


   Skills:
 + Level 14.1 Fighting
 + Level 14.1 Short Blades
 + Level 14.1 Long Blades
 + Level 14.1 Axes
 + Level 14.1 Maces & Flails
 + Level 14.1 Polearms
 + Level 14.1 Staves
 + Level 14.1 Slings
 + Level 14.1 Bows
 + Level 14.1 Crossbows
 + Level 14.1 Throwing
 + Level 14.1 Armour
 + Level 14.8 Dodging
 + Level 14.7 Stealth
 + Level 14.1 Shields
 + Level 14.1 Unarmed Combat
 + Level 14.9 Spellcasting
 + Level 12.0 Conjurations
 + Level 12.0 Hexes
 + Level 12.0 Summonings
 + Level 12.0 Necromancy
 + Level 12.0 Translocations
 + Level 12.0 Transmutations
 + Level 12.0 Fire Magic
 + Level 13.8 Ice Magic
 + Level 12.0 Air Magic
 + Level 12.0 Earth Magic
 + Level 12.0 Poison Magic
 + Level 15.3 Invocations
 + Level 14.1 Evocations


You had 4 spell levels left.
You knew the following spells:

 Your Spells              Type           Power      Damage    Failure   Level
a - Borgnjor's Vile Clut  Necr/Erth      35%        N/A       1%          5
b - Summon Lightning Spi  Summ/Air       71%        N/A       1%          4
c - Lee's Rapid Deconstr  Erth           35%        3d19*     1%          5
d - Olgreb's Toxic Radia  Pois           71%        N/A       1%          4
e - Manifold Assault      Tloc           71%        N/A       1%          5
f - Frozen Ramparts       Ice            100%       1d12      1%          3
g - Animate Dead          Necr           35%        N/A       1%          4
h - Blink                 Tloc           100%       N/A       1%          2
i - Tukima's Dance        Hex            71%        N/A       1%          3
j - Mephitic Cloud        Conj/Pois/Air  71%        N/A       1%          3
k - Sublimation of Blood  Necr           71%        N/A       1%          2
l - Yara's Violent Unrav  Hex/Tmut       35%        3d14      1%          5

Your spell library contained the following spells:

 Spells                   Type           Power      Damage    Failure   Level
 Freeze                   Ice            100%       1d11      0%          1
 Magic Dart               Conj           100%       1d8       1%          1
 Pain                     Necr           100%       1d9       1%          1
 Call Imp                 Summ           71%        N/A       1%          2
 Call Canine Familiar     Summ           71%        N/A       1%          3
 Ignite Poison            Fire/Tmut/Pois 71%        N/A       1%          3
 Inner Flame              Hex/Fire       71%        N/A       1%          3
 Lesser Beckoning         Tloc           71%        N/A       1%          3
 Ozocubu's Armour         Ice            76%        N/A       1%          3
 Portal Projectile        Hex/Tloc       100%       N/A       1%          3
 Summon Guardian Golem    Hex/Summ       71%        N/A       1%          3
 Airstrike                Air            35%        N/A       1%          4
 Cause Fear               Hex            35%        N/A       1%          4
 Hailstorm                Conj/Ice       74%        3d15      1%          4
 Ice Form                 Ice/Tmut       74%        N/A       1%          4
 Leda's Liquefaction      Hex/Erth       35%        N/A       1%          4
 Passage of Golubria      Tloc           71%        N/A       1%          4
 Petrify                  Tmut/Erth      71%        N/A       1%          4
 Summon Ice Beast         Ice/Summ       74%        N/A       1%          4
 Agony                    Necr           71%        N/A       1%          5
 Alistair's Intoxication  Tmut/Pois      47%        N/A       1%          5
 Excruciating Wounds      Necr           35%        N/A       1%          5
 Freezing Cloud           Conj/Ice/Air   36%        6-21      1%          5
 Irradiate                Conj/Tmut      35%        3d25      1%          5
 Lightning Bolt           Conj/Air       35%        1d53      1%          5
 Simulacrum               Ice/Necr       37%        N/A       2%          6
 Death Channel            Necr           35%        N/A       3%          6
 Dispersal                Tloc           35%        N/A       3%          6
 Eringya's Noxious Bog    Tmut/Pois      35%        N/A       3%          6
 Statue Form              Tmut/Erth      47%        N/A       3%          6
 Ozocubu's Refrigeration  Ice            38%        4d12      10%         7
 Haunt                    Necr/Summ      35%        N/A       21%         7
 Orb of Destruction       Conj           35%        9d10      21%         7
 Spellforged Servitor     Conj/Summ      35%        N/A       21%         7
 Borgnjor's Revivificati  Necr           35%        N/A       83%         8
 Discord                  Hex            35%        N/A       83%         8
 Disjunction              Tloc           35%        N/A       83%         8
 Ignition                 Fire           35%        3d11      83%         8
 Infestation              Necr           35%        N/A       83%         8
 Necromutation            Tmut/Necr      35%        N/A       83%         8
 Chain Lightning          Conj/Air       35%        3d47      100%        9
 Death's Door             Necr           35%        N/A       100%        9
 Fire Storm               Conj/Fire      35%        8d9       100%        9
 Shatter                  Erth           35%        3d28*     100%        9


Dungeon Overview and Level Annotations

Branches:
Dungeon (15/15)            Temple (0/1) D:5            Lair (6/6) D:10
  Swamp (4/4) Lair:4       Spider (4/4) Lair:2          Orc (2/2) D:9
    Elf (2/3) Orc:2        Vaults (3/5) D:13          Crypt (0/3) Vaults:2
 Depths (3/4) D:15
  Slime: Lair:5-6

Altars:
Dithmenos
Fedhas
Hepliaklqana
Kikubaaqudgha
Makhleb
Okawaru
Qazlal
Trog
Uskayaw
Vehumet
Wu Jian
Xom
The Shining One
Beogh

Shops:
D:4 *   D:6 [[:[?   D:12 [   Orc:2 (*?[   Elf:2 ::=[   Vaults:2 *   Depths:1 !

Portals:
Hell: Depths:1 Depths:2 Depths:3
Abyss: Depths:2
Pandemonium: Depths:2

Annotations:
D:4 2 transporters, pdpol's ghost, amateur BaNe
D:12 1 runed translucent door
Lair:5 exclusion: oklob plant
Lair:6 1 runed translucent door
Swamp:1 Roxanne
Elf:2 3 runed translucent doors
Vaults:2 Mennas


Innate Abilities, Weirdness & Mutations

You have very sharp teeth.
Your uncanny sense of smell can sniff out nearby items.
Your experience applies equally to all skills.


Message History

The living spell is destroyed!
The tengu reaver casts a spell at you. The bolt of acid hits you! You resist.
The acid corrodes you!
The walking earthen tome completely misses you.
The titan hits you but does no damage.
Your surroundings seem slightly different.
A titan comes into view.
The living spell casts itself at you. You resist with significant effort.
The walking earthen tome hits you!!!
* * * LOW HITPOINT WARNING * * *
The tengu reaver hits you but does no damage.
The tengu reaver pecks you but does no damage.
The tengu reaver claws you but does no damage.
The titan is poisoned.
The walking earthen tome hits you!!
* * * LOW HITPOINT WARNING * * *
You emit a cloud of dark smoke.
The tengu reaver points at you and mumbles some strange words.
The bolt of acid hits you! You resist.
* * * LOW HITPOINT WARNING * * *
The titan hits you.
* * * LOW HITPOINT WARNING * * *
The walking earthen tome hits you!!
* * * LOW HITPOINT WARNING * * *
The tengu reaver hits you but does no damage.
The tengu reaver pecks you.
* * * LOW HITPOINT WARNING * * *
The tengu reaver claws you but does no damage.
The titan hits you!!!
* * * LOW HITPOINT WARNING * * *
The walking earthen tome erupts in a flurry of living spells!
You turn to flesh and can move again.
You feel much better.
The tengu reaver hits you with a +3 long sword.
* * * LOW HITPOINT WARNING * * *
You block the tengu reaver's attack.
The tengu reaver claws you but does no damage.
You block the walking earthen tome's attack.
The titan hits you!!
You die...

#.#.....##∆,,#....#.[.##..#....#
.##.....#∆,,,#....#....#..#.)..#
###.....#,,,......#....#..#....##
##...####***#####.#.#######....#.
#...##∆,*,,,......#....#.)###....
...##∆,,*,,,,#....#....#..(##....
...#∆,,,*,,,,#....#....#....#....
...#,,,,,,,,,#.§*§#....#....#....
...########*##§§@;####.#.####....
.............§§§QC§§...#.........
........#......CT.*§§§§#.........
........#....((..§§§§..#.........
.##.....#.......§§§§§............
...####.#.####....###########....
#..#,,,,#,,,,#....*,,,,,,,,,#....
...#,,,,*,,,,#...C#,,,,*,,,,#...#
..###∆,,*,,,,#T..,*,,,,*,,∆*#..##


You could see 2 titans, a walking earthen tome, a tengu reaver, a deep troll
shaman and 2 living spells.

Vanquished Creatures
  Nikola (Swamp:4)
  A bone dragon (Swamp:4)
  Arachne (Spider:3)
  2 tentacled monstrosities (Depths:3)
  A walking earthen tome (Depths:3)
  2 titans (Depths:3)
  A walking frostbound tome (Depths:3)
  Gastronok (D:9)
  A tengu reaver (Depths:3)
  A thorn hunter (Swamp:3)
  Kirke (Swamp:4)
  3 fire giants
  4 frost giants
  5 emperor scorpions
  A ghost moth (Spider:2)
  An orc warlord (Vaults:1)
  3 vault wardens
  5 ironbound preservers
  2 ghouls (Swamp:4)
  2 broodmothers
  A spriggan defender (Depths:3)
  3 war gargoyles (Vaults:2)
  4 ironbound thunderhulks
  10 stone giants
  10 very ugly things
  An eleionoma (shapeshifter) (Depths:3)
  2 eleionomae (Swamp:3)
  3 entropy weavers
  5 bunyips
  7 spark wasps
  4 dire elephants (Vaults:1)
  Snorg (Lair:4)
  2 ettins
  3 deep elf death magi
  2 yaktaur captains
  3 great orbs of eyes
  3 fire dragons
  8 hydras
  4 ice dragons
  2 vault guards
  An ogre mage (D:15)
  A rakshasa (Depths:1)
  2 radroaches
  A juggernaut simulacrum (Depths:3)
  A spriggan air mage (D:15)
  2 peacekeepers (Vaults:2)
  A jorogumo (Spider:1)
  2 boulder beetles
  15 centaur warriors
  2 death knights
  6 ironbound frosthearts
  4 ghost crabs
  2 alligators
  5 dancing weapons
  5 two-headed ogres
  4 deep troll shamans (Depths:2)
  2 tengu warriors
  Urug (D:10)
  A vampire mage (Vaults:2)
  5 deep troll earth magi
  4 orc high priests (Orc:2)
  3 spriggan berserkers
  A soul eater (Vaults:2)
  4 iron trolls
  8 deep elf knights
  7 hell knights (Depths:3)
  2 sun moths (Spider:2)
  2 glowing orange brains
  4 pharaoh ants
  12 deep trolls
  5 goliath frogs
  A spriggan druid (Swamp:4)
  A steelbarb worm (Spider:2)
  2 orb spiders
  An orange crystal statue (Elf:1)
  A goliath frog (shapeshifter) (Elf:1)
  10 deep elf archers
  A flayed ghost (Depths:3)
  2 swamp dragons
  3 bog bodies
  A phantasmal warrior (Swamp:4)
  8 orc knights
  9 wizards
  2 lindwurms
  2 spectral hydras (Swamp:4)
  8 ironbound convokers
  An oklob plant (Swamp:4)
  5 harpies (Vaults:1)
  2 necromancers
  29 ugly things
  3 cyclopes
  14 deep elf zephyrmancers
  3 orc sorcerers (Orc:2)
  2 manticores
  11 deep elf pyromancers
  9 wolf spiders
  A will-o-the-wisp (Swamp:1)
  A moth of wrath (Spider:3)
  An iron dragon skeleton (Depths:3)
  9 vault sentinels
  4 black mambas
  11 cane toads
  4 torpor snails (Lair:6)
  2 demonic crawlers
  2 efreet (D:15)
  4 swamp worm zombies (Swamp:4)
  A rime drake (Lair:4)
  12 yaktaurs
  7 komodo dragons
  12 trolls
  4 hydra zombies (Swamp:4)
  A polar bear (Lair:1)
  7 tyrant leeches
  9 hornets
  A queen bee (Lair:3)
  19 tarantellas
  2 blink frogs (Lair:4)
  4 alligator zombies (Swamp:4)
  A snapping turtle (Lair:1)
  15 slime creatures
  5 spectral swamp dragons (Swamp:4)
  14 culicivoras
  3 dream sheep (Lair:5)
  7 spriggans
  15 jumping spiders
  2 centaur simulacra (D:14)
  2 wyverns
  9 water elementals
  4 wraiths
  28 yaks
  3 basilisks
  4 fire elementals
  A steam dragon (D:6)
  2 hogs (Swamp:4)
  26 redbacks
  8 vampire mosquitoes
  10 swamp worms
  2 wargs
  6 acid dragons
  12 water moccasins
  A floating eye (shapeshifter) (D:15)
  32 orc warriors
  A hornet zombie (D:7)
  A swamp dragon zombie (Swamp:4)
  An ice beast (D:7)
  2 sky beasts
  2 black bears
  3 necrophages (D:5)
  A wolf (Lair:2)
  5 boggarts
  19 ogres
  7 phantoms
  9 centaurs
  3 kobold brigands (D:9)
  4 bullfrogs
  An earth elemental (Elf:1)
  A wyvern zombie (D:7)
  2 scorpions
  A wyvern skeleton (D:6)
  A water moccasin zombie (D:5)
  A water moccasin skeleton (D:5)
  20 killer bees (Lair:3)
  2 howler monkeys
  11 wights
  8 electric eels
  3 centaur zombies
  2 hounds
  A centaur skeleton (D:6)
  29 orc priests
  A gnoll shaman (D:6)
  2 bullfrog skeletons (D:5)
  An iguana (D:5)
  5 hell rats (Lair:2)
  24 orc wizards
  A scorpion zombie (D:5)
  A howler monkey zombie (D:9)
  5 gnolls (D:6)
  3 howler monkey skeletons
  A swamp drake zombie (Swamp:4)
  8 adders
  2 shadow imps
  An adder zombie (D:5)
  A worm (D:3)
  7 dart slugs
  86 orcs
  3 bats (D:2)
  4 endoplasms
  8 giant cockroaches
  12 goblins
  3 hobgoblins (D:2)
  4 jackals
  A quokka (D:2)
  3 ball pythons
  7 frilled lizards
  24 kobolds
  3 rats (D:2)
  7 briar patches (Swamp:3)
1062 creatures vanquished.

Vanquished Creatures (collateral kills)
  Saint Roka (Orc:2)
  A golden dragon (Depths:3)
  Asterion (Depths:1)
  A fire giant (Depths:2)
  An orc warlord (Orc:1)
  A frost giant (Depths:1)
  2 emperor scorpions (Spider:4)
  Louise (Swamp:4)
  2 very ugly things (Depths:2)
  A ghoul (Swamp:4)
  A ghost moth (Spider:4)
  A spriggan defender (Depths:2)
  An ironbound preserver (Vaults:2)
  A stone giant (Depths:3)
  An ironbound thunderhulk (Vaults:1)
  A bunyip (Swamp:3)
  2 ettins
  2 fire dragons (Depths:3)
  A boulder beetle (Spider:4)
  2 spriggan air magi
  An ice dragon (Depths:2)
  A centaur warrior (D:15)
  2 two-headed ogres (Orc:2)
  A dancing weapon (Elf:1)
  A tengu warrior (D:15)
  A deep elf knight (Elf:2)
  A hell knight (Depths:3)
  6 deep trolls
  A goliath frog (Swamp:3)
  An orb spider (Spider:4)
  A swamp dragon (Swamp:3)
  2 ironbound convokers (Vaults:1)
  2 wizards
  A bog body (Swamp:4)
  A deep elf archer (Elf:2)
  3 spriggan druids
  A deep elf zephyrmancer (Elf:2)
  A cyclops (D:15)
  2 wolf spiders
  4 ugly things
  A tengu skeleton (Depths:3)
  A moth of wrath (Spider:4)
  3 will-o-the-wisps
  A frost giant skeleton (Depths:3)
  A vault sentinel (Vaults:1)
  A fire giant skeleton (Depths:3)
  A rime drake (Lair:6)
  A komodo dragon (D:11)
  A cane toad (Lair:5)
  A demonic crawler (Spider:1)
  2 yaktaurs
  A tengu conjurer (D:14)
  A troll (Orc:1)
  3 hornets
  5 tarantellas
  2 blink frogs (Lair:4)
  2 hydra zombies (Swamp:4)
  5 slime creatures
  4 jumping spiders
  2 culicivoras
  A dream sheep (Lair:5)
  2 spriggans
  2 yaks (Lair:6)
  A wyvern (Lair:6)
  8 redbacks
  2 vampire mosquitoes
  5 swamp worms
  3 wargs
  3 orc warriors
  3 ogres (Orc:2)
  5 centaurs
  A water moccasin zombie (D:6)
  2 killer bees (Lair:3)
  A wight (D:8)
  3 orc priests (Orc:2)
  2 orc wizards
  30 orcs
172 creatures vanquished.

Vanquished Creatures (others)
  A broodmother (Spider:1)
  An eleionoma (Swamp:3)
  An entropy weaver (Spider:1)
  A bunyip (Swamp:3)
  A spark wasp (Spider:1)
  A hydra (Swamp:2)
  A two-headed ogre (D:14)
  An alligator (Swamp:1)
  An orc high priest (Orc:2)
  A goliath frog (Swamp:3)
  A spriggan druid (Swamp:1)
  A deep elf pyromancer (D:14)
  4 ugly things
  A wizard (Vaults:2)
  A wolf spider (Spider:1)
  A black mamba (shapeshifter) (D:14)
  A torpor snail (Lair:6)
  2 komodo dragons
  A swamp worm zombie (Swamp:4)
  A yaktaur (D:14)
  A tyrant leech (Swamp:3)
  3 bloated husks
  3 meliai (Spider:1)
  A polar bear (Lair:5)
  4 slime creatures
  7 hornets
  A centaur simulacrum (D:14)
  A jumping spider (Spider:1)
  A yak (Lair:2)
  2 culicivoras
  2 humans (Swamp:4)
  2 redbacks (Spider:1)
  4 dancing weapons
  13 orc warriors
  A black bear (Lair:2)
  An ogre (D:15)
  2 wolves (Lair:2)
  A phantom (Swamp:4)
  3 killer bees (Lair:3)
  7 orcs
  2 briar patches (Swamp:3)
  32 foxfires
  6 fungi
  65 plants
189 creatures vanquished.

Grand Total: 1423 creatures vanquished

Notes
Turn   | Place    | Note
-------+----------+-------------------------------------------
     0 | D:1      | dolemite99 the Gnoll Ice Elementalist began the quest for
                  | the Orb.
     0 | D:1      | Reached XP level 1. HP: 13/13 MP: 6/6
   181 | D:1      | Reached XP level 2. HP: 19/19 MP: 5/7
   370 | D:1      | Found a faded altar of an unknown god.
   653 | D:2      | Reached skill level 5 in Spellcasting
   653 | D:2      | Reached XP level 3. HP: 23/25 MP: 5/9
   735 | D:2      | Found a shadowy altar of Dithmenos.
   755 | D:2      | Became a worshipper of Dithmenos the Shadowed
   765 | D:2      | Reached skill level 1 in Invocations
  1058 | D:2      | Reached skill level 1 in Fighting
  1058 | D:2      | Reached skill level 1 in Short Blades
  1058 | D:2      | Reached skill level 1 in Long Blades
  1058 | D:2      | Reached skill level 1 in Axes
  1058 | D:2      | Reached skill level 1 in Maces & Flails
  1058 | D:2      | Reached skill level 1 in Polearms
  1058 | D:2      | Reached skill level 1 in Staves
  1058 | D:2      | Reached skill level 1 in Slings
  1058 | D:2      | Reached skill level 1 in Bows
  1058 | D:2      | Reached skill level 1 in Crossbows
  1058 | D:2      | Reached skill level 1 in Throwing
  1058 | D:2      | Reached skill level 1 in Armour
  1058 | D:2      | Reached skill level 1 in Shields
  1058 | D:2      | Reached skill level 1 in Unarmed Combat
  1058 | D:2      | Reached skill level 1 in Evocations
  1286 | D:2      | Reached XP level 4. HP: 32/32 MP: 7/11
  1812 | D:2      | Identified a scroll of acquirement
  1812 | D:2      | Acquired a +5 scimitar of holy wrath
  1839 | D:3      | Learned a level 3 spell: Frozen Ramparts
  1843 | D:3      | Learned a level 3 spell: Ozocubu's Armour
  1848 | D:3      | Learned a level 4 spell: Hailstorm
  1910 | D:3      | Found a glowing golden altar of the Shining One.
  2011 | D:3      | Reached * piety under Dithmenos
  2082 | D:3      | Reached skill level 1 in Conjurations
  2082 | D:3      | Reached skill level 1 in Hexes
  2082 | D:3      | Reached skill level 1 in Summonings
  2082 | D:3      | Reached skill level 1 in Necromancy
  2082 | D:3      | Reached skill level 1 in Translocations
  2082 | D:3      | Reached skill level 1 in Transmutations
  2082 | D:3      | Reached skill level 1 in Fire Magic
  2082 | D:3      | Reached skill level 1 in Air Magic
  2082 | D:3      | Reached skill level 1 in Earth Magic
  2082 | D:3      | Reached skill level 1 in Poison Magic
  2173 | D:3      | Found a shimmering altar of Xom.
  2177 | D:3      | Found a hide-covered altar of Uskayaw.
  2403 | D:4      | Reached XP level 5. HP: 37/37 MP: 8/12
  2571 | D:4      | Found an ancient bone altar of Kikubaaqudgha.
  3057 | D:4      | Noticed a phantom
  3087 | D:4      | Killed a phantom
  3091 | D:4      | Reached skill level 2 in Invocations
  3091 | D:4      | Reached XP level 6. HP: 16/44 MP: 2/13
  3822 | D:4      | Found a bloodstained altar of Trog.
  3853 | D:4      | Found a transporter.
  3853 | D:4      | Noticed pdpol's ghost (amateur BaNe)
  3859 | D:4      | Found a transporter.
  4118 | D:4      | Found Rilet's Serpentskin Sales.
  4184 | D:4      | Bought 4 poisoned darts for 22 gold pieces
  4184 | D:4      | Bought 4 poisoned darts for 22 gold pieces
  4184 | D:4      | Bought 3 poisoned darts for 16 gold pieces
  4184 | D:4      | Bought 4 poisoned darts for 22 gold pieces
  4184 | D:4      | Bought 3 poisoned darts for 16 gold pieces
  4184 | D:4      | Bought 6 poisoned darts for 33 gold pieces
  4395 | D:4      | Reached skill level 5 in Dodging
  4945 | D:5      | Entered Level 5 of the Dungeon
  4945 | D:5      | Noticed a black bear
  4948 | D:5      | Noticed a necrophage
  4949 | D:5      | Killed a black bear
  4950 | D:5      | Reached XP level 7. HP: 43/50 MP: 9/15
  5378 | D:5      | Reached skill level 5 in Stealth
  5378 | D:5      | Reached skill level 3 in Invocations
  5646 | D:5      | Reached XP level 8. HP: 57/57 MP: 12/16
  5961 | D:5      | Reached ** piety under Dithmenos
  6446 | D:5      | Found a staircase to the Ecumenical Temple.
  6506 | D:5      | Found a burning altar of Makhleb.
  6646 | D:5      | Reached skill level 4 in Invocations
  6761 | D:5      | Found a stormy altar of Qazlal.
  6807 | D:6      | Found Tolases's Armour Shop.
  6836 | D:6      | Found Novu's Book Boutique.
  6940 | D:6      | Reached XP level 9. HP: 65/65 MP: 18/18
  7566 | D:6      | Learned a level 3 spell: Tukima's Dance
  7722 | D:6      | Found Poergho's Armour Shoppe.
  7768 | D:6      | Bought a +0 buckler of reflection for 119 gold pieces
  7874 | D:6      | Found Noscheina's Armour Shoppe.
  8447 | D:6      | Found Paysis's Magic Scroll Boutique.
  8542 | D:6      | Found a blossoming altar of Fedhas.
 10006 | D:7      | Found a hazy altar of Hepliaklqana.
 10171 | D:7      | Reached skill level 5 in Invocations
 10508 | D:8      | Learned a level 3 spell: Summon Guardian Golem
 10550 | D:8      | Reached *** piety under Dithmenos
 11101 | D:8      | Got the Grimoire of the Frostbite
 11138 | D:8      | Reached XP level 10. HP: 73/73 MP: 5/20
 11952 | D:9      | Reached skill level 5 in Fighting
 11952 | D:9      | Reached skill level 5 in Short Blades
 11952 | D:9      | Reached skill level 5 in Long Blades
 11952 | D:9      | Reached skill level 5 in Axes
 11952 | D:9      | Reached skill level 5 in Maces & Flails
 11952 | D:9      | Reached skill level 5 in Polearms
 11952 | D:9      | Reached skill level 5 in Staves
 11952 | D:9      | Reached skill level 5 in Slings
 11952 | D:9      | Reached skill level 5 in Bows
 11952 | D:9      | Reached skill level 5 in Crossbows
 11952 | D:9      | Reached skill level 5 in Throwing
 11952 | D:9      | Reached skill level 5 in Armour
 11952 | D:9      | Reached skill level 5 in Shields
 11952 | D:9      | Reached skill level 5 in Unarmed Combat
 11952 | D:9      | Reached skill level 5 in Evocations
 11952 | D:9      | Noticed a deep elf pyromancer
 12040 | D:9      | Noticed a centaur warrior
 12041 | D:9      | Noticed a deep elf pyromancer
 12141 | D:9      | Noticed Gastronok
 12360 | D:9      | Found a flagged portal.
 12585 | D:9      | Killed Gastronok
 12586 | D:9      | Reached skill level 6 in Invocations
 12723 | D:9      | Reached **** piety under Dithmenos
 13084 | D:9      | Killed a deep elf pyromancer
 13170 | D:9      | Found a shadowy altar of Dithmenos.
 13607 | D:9      | Reached XP level 11. HP: 81/81 MP: 22/22
 13796 | D:9      | Found a staircase to the Orcish Mines.
 14487 | D:10     | Entered Level 10 of the Dungeon
 14575 | D:6      | Bought a scroll of summoning for 133 gold pieces
 14575 | D:6      | Bought a scroll of teleportation for 42 gold pieces
 14575 | D:6      | Bought a scroll of teleportation for 42 gold pieces
 14575 | D:6      | Bought a scroll of teleportation for 42 gold pieces
 14710 | D:10     | Identified the +4 flail of Duturoc {freeze, rN+}
 15236 | D:10     | Found a staircase to the Lair.
 15362 | D:10     | Reached skill level 5 in Conjurations
 15362 | D:10     | Reached skill level 5 in Hexes
 15362 | D:10     | Reached skill level 5 in Summonings
 15362 | D:10     | Reached skill level 5 in Necromancy
 15362 | D:10     | Reached skill level 5 in Translocations
 15362 | D:10     | Reached skill level 5 in Transmutations
 15362 | D:10     | Reached skill level 5 in Fire Magic
 15362 | D:10     | Reached skill level 5 in Air Magic
 15362 | D:10     | Reached skill level 5 in Earth Magic
 15362 | D:10     | Reached skill level 5 in Poison Magic
 15465 | D:10     | Found a radiant altar of Vehumet.
 15823 | D:10     | Noticed Urug
 15834 | D:10     | Killed Urug
 16467 | Lair:1   | Entered Level 1 of the Lair of Beasts
 16881 | Lair:1   | Noticed a five-headed hydra
 16900 | Lair:1   | a five-headed hydra changed into a snapping turtle
 17519 | Lair:1   | Reached skill level 7 in Invocations
 17865 | Lair:1   | Noticed a boulder beetle
 17872 | Lair:1   | Killed a boulder beetle
 19259 | Lair:2   | Found a hole to the Spider Nest.
 19272 | Lair:2   | Reached XP level 12. HP: 89/89 MP: 24/24
 19442 | Lair:2   | Noticed a seven-headed hydra
 19477 | Lair:2   | Killed a seven-headed hydra
 20047 | Lair:2   | Reached ***** piety under Dithmenos
 20552 | Lair:2   | Learned a level 4 spell: Animate Dead
 20737 | Lair:3   | Found a shimmering altar of Xom.
 20761 | Lair:3   | Learned a level 3 spell: Call Canine Familiar
 20976 | Lair:3   | Reached skill level 8 in Invocations
 22169 | Lair:4   | You fall into a shaft and drop 2 floors!
 22169 | Lair:6   | Entered Level 6 of the Lair of Beasts
 22596 | Lair:6   | Identified the +2 robe "Iffew" {rElec Str+4}
 22634 | Lair:6   | Found a runed translucent door.
 22924 | Lair:4   | Noticed Snorg
 22937 | Lair:4   | Killed Snorg
 22944 | Lair:4   | Noticed a six-headed hydra
 22957 | Lair:4   | Killed a six-headed hydra
 23053 | Lair:4   | Reached XP level 13. HP: 98/98 MP: 22/26
 23403 | Lair:4   | Found a staircase to the Swamp.
 23756 | Lair:5   | Learned a level 4 spell: Petrify
 23762 | Lair:5   | Identified the ring "Fothraonirph" {Fly rElec rC+ Str+2
                  | Dex-3}
 24903 | Lair:5   | Reached skill level 9 in Invocations
 25559 | Lair:6   | Reached skill level 10 in Ice Magic
 25781 | Lair:6   | Noticed a fire dragon
 26392 | Lair:6   | Acquired 1196 gold pieces
 26788 | D:6      | Bought the -2 hat of the Alchemist {rElec rPois rF+ rC+ rN+
                  | Will+ rMut rCorr} for 660 gold pieces
 26788 | D:6      | Found the -2 hat of the Alchemist {rElec rPois rF+ rC+ rN+
                  | Will+ rMut rCorr}
 26985 | Orc:1    | Entered Level 1 of the Orcish Mines
 26999 | Orc:1    | Noticed an orc warlord
 27015 | Orc:1    | Killed an orc warlord
 27026 | Orc:1    | Reached skill level 10 in Spellcasting
 27492 | Orc:2    | Entered Level 2 of the Orcish Mines
 27499 | Orc:2    | Reached ****** piety under Dithmenos
 28940 | Orc:2    | Reached skill level 10 in Dodging
 28940 | Orc:2    | Reached XP level 14. HP: 106/106 MP: 24/28
 29392 | Orc:2    | Found Jocymiero's Weapon Emporium.
 29656 | Orc:2    | Found Lumulomu's Assorted Antiques.
 29898 | Orc:2    | Bought a potion of heal wounds for 135 gold pieces
 29898 | Orc:2    | Bought a scroll of teleportation for 81 gold pieces
 29898 | Orc:2    | Bought a viscous red potion for 24 gold pieces
 29898 | Orc:2    | Bought a scroll of blinking for 202 gold pieces
 30219 | Orc:2    | Reached skill level 10 in Stealth
 31409 | Orc:2    | Identified the +5 scimitar of the Blessed Realm {vorpal,
                  | Int+7}
 31476 | Orc:2    | Found a staircase to the Elven Halls.
 31756 | Orc:2    | Noticed Saint Roka
 31783 | Orc:2    | Reached skill level 10 in Invocations
 32280 | Orc:2    | Killed Saint Roka
 34033 | Orc:2    | Found Pool's Antique Armour Boutique.
 34074 | Orc:2    | Found Nauss's Magic Scroll Shoppe.
 34269 | Orc:2    | Bought a scroll of blinking for 112 gold pieces
 34269 | Orc:2    | Bought a scroll of summoning for 142 gold pieces
 34269 | Orc:2    | Bought a scroll of holy word for 112 gold pieces
 34275 | Orc:2    | Bought a scroll of fog for 30 gold pieces
 34427 | D:6      | Bought Great Wizards, Vol. II for 570 gold pieces
 34434 | D:6      | Learned a level 5 spell: Borgnjor's Vile Clutch
 35505 | D:11     | Identified the +11 war axe of Excruciating Pain {protect,
                  | rElec Str+3}
 35670 | D:12     | Found Yfeggal's Antique Armour Boutique.
 37024 | D:12     | Found a runed translucent door.
 37025 | D:12     | Noticed a sphinx
 38289 | D:13     | Found a gate to the Vaults.
 38293 | D:13     | Identified the +3 ring mail of Inviolability {Dex+2}
 38362 | D:13     | Reached XP level 15. HP: 115/115 MP: 24/29
 38973 | D:13     | Learned a level 2 spell: Sublimation of Blood
 38994 | D:14     | Found an iron altar of Okawaru.
 39414 | D:14     | Reached skill level 10 in Fighting
 39414 | D:14     | Reached skill level 10 in Short Blades
 39414 | D:14     | Reached skill level 10 in Long Blades
 39414 | D:14     | Reached skill level 10 in Axes
 39414 | D:14     | Reached skill level 10 in Maces & Flails
 39414 | D:14     | Reached skill level 10 in Polearms
 39414 | D:14     | Reached skill level 10 in Staves
 39414 | D:14     | Reached skill level 10 in Slings
 39414 | D:14     | Reached skill level 10 in Bows
 39414 | D:14     | Reached skill level 10 in Crossbows
 39414 | D:14     | Reached skill level 10 in Throwing
 39414 | D:14     | Reached skill level 10 in Armour
 39414 | D:14     | Reached skill level 10 in Shields
 39414 | D:14     | Reached skill level 10 in Unarmed Combat
 39414 | D:14     | Reached skill level 10 in Evocations
 39567 | D:14     | You fall into a shaft and drop 1 floor!
 39567 | D:15     | Entered Level 15 of the Dungeon
 39567 | D:15     | Found a staircase to the Depths.
 39682 | D:15     | Reached skill level 11 in Invocations
 40573 | D:14     | Noticed a frost giant
 40704 | D:14     | Killed a frost giant
 40977 | D:14     | Identified the +1 ring mail of the Ego {rC+ Int+3}
 41241 | D:14     | Identified the ring of Exzuyv {Fire rElec MP+9 Str+2}
 41524 | D:14     | Identified the amulet of Gaurieho {Harm Rampage Regen+
                  | Int-3 Slay-5}
 41651 | D:14     | Identified the +5 short sword of the Demagogue {speed, rC+}
 43149 | D:15     | Identified the +1 cloak of Midwinter {rC+ Dex+2}
 44171 | D:12     | Bought a steaming scale mail for 189 gold pieces
 44171 | D:12     | Identified the +0 scale mail "Erchevey" {rC+++ Will- rCorr
                  | Int-4} (You bought it in a shop on level 12 of the Dungeon)
 44307 | D:6      | Bought a scroll of fog for 28 gold pieces
 44307 | D:6      | Bought 2 scrolls of enchant armour for 210 gold pieces
 44503 | Spider:1 | Entered Level 1 of the Spider Nest
 45361 | Spider:1 | Reached XP level 16. HP: 123/123 MP: 31/31
 49237 | Spider:2 | Identified the +2 ring mail "Cudunlif" {*Slow +Inv rCorr
                  | Str+8}
 50467 | Swamp:1  | Entered Level 1 of the Swamp
 50488 | Swamp:1  | Reached skill level 12 in Invocations
 51105 | Swamp:1  | Identified Roxanne's Tome of Earth
 51105 | Swamp:1  | Noticed Roxanne
 53490 | Swamp:3  | Noticed a thorn hunter
 54138 | Swamp:3  | Reached XP level 17. HP: 109/126 MP: 18/33
 55788 | Swamp:4  | Entered Level 4 of the Swamp
 55788 | Swamp:4  | Noticed Nikola
 55792 | Swamp:4  | Learned a level 2 spell: Blink
 55805 | Swamp:4  | Killed Nikola
 56858 | Swamp:4  | Noticed Kirke
 59147 | Spider:3 | Learned a level 5 spell: Yara's Violent Unravelling
 59299 | Spider:3 | Noticed Arachne
 59326 | Spider:3 | Killed Arachne
 60458 | Spider:4 | Entered Level 4 of the Spider Nest
 60503 | Spider:4 | Learned a level 3 spell: Mephitic Cloud
 60873 | Spider:4 | Reached skill level 10 in Conjurations
 60873 | Spider:4 | Reached skill level 10 in Hexes
 60873 | Spider:4 | Reached skill level 10 in Summonings
 60873 | Spider:4 | Reached skill level 10 in Necromancy
 60873 | Spider:4 | Reached skill level 10 in Translocations
 60873 | Spider:4 | Reached skill level 10 in Transmutations
 60873 | Spider:4 | Reached skill level 10 in Fire Magic
 60873 | Spider:4 | Reached skill level 10 in Air Magic
 60873 | Spider:4 | Reached skill level 10 in Earth Magic
 60873 | Spider:4 | Reached skill level 10 in Poison Magic
 62037 | Spider:4 | Identified the +0 pair of gloves of the Onion {Regen+ Int+3
                  | Slay+3}
 62057 | Spider:4 | Reached skill level 13 in Invocations
 62386 | Spider:4 | Got a gossamer rune of Zot
 62759 | D:14     | Learned a level 5 spell: Manifold Assault
 62821 | Vaults:1 | Entered Level 1 of the Vaults
 63528 | Vaults:1 | Reached XP level 18. HP: 136/140 MP: 26/35
 67259 | Vaults:2 | HP: 4/135 [war gargoyle/spray of metal splinters[a
                  | peacekeeper] (21)]
 68362 | Vaults:1 | Learned a level 5 spell: Lee's Rapid Deconstruction
 68954 | Vaults:2 | Found Baczyw Izulu's General Store.
 68963 | Vaults:2 | Bought a potion of heal wounds for 110 gold pieces
 68963 | Vaults:2 | Bought a scroll of teleportation for 66 gold pieces
 68963 | Vaults:2 | Bought a potion of curing for 66 gold pieces
 68963 | Vaults:2 | Bought a potion of brilliance for 88 gold pieces
 69169 | Vaults:2 | Noticed Mennas
 69560 | Vaults:2 | Found a staircase to the Crypt.
 70235 | Vaults:2 | Reached XP level 19. HP: 139/148 MP: 20/36
 71292 | Elf:1    | Entered Level 1 of the Elven Halls
 71331 | Elf:1    | Found a radiant altar of Vehumet.
 71367 | Elf:1    | Reached skill level 14 in Invocations
 72917 | Elf:2    | Found Ompot's Antique Armour Shoppe.
 73011 | Elf:2    | Learned a level 4 spell: Olgreb's Toxic Radiance
 73020 | Elf:2    | Identified the +11 long sword of the Sage {chaos, Str+3}
 73049 | Elf:2    | Bought a faintly glowing helmet for 237 gold pieces
 73049 | Elf:2    | Identified the -3 helmet "Tybbolad" {rF+ rC- rN+ Int+5}
                  | (You bought it in a shop on level 2 of the Elven Halls)
 73075 | Elf:2    | Found a runed translucent gate.
 73075 | Elf:2    | Found a runed translucent gate.
 73076 | Elf:2    | Found a runed translucent gate.
 73288 | Elf:2    | Found Mumecap's Book Emporium.
 73289 | Elf:2    | Found Wupn's Jewellery Boutique.
 73290 | Elf:2    | Found Syeseapo's Book Emporium.
 73298 | Elf:2    | Bought a ring of see invisible for 195 gold pieces
 73338 | Elf:2    | Identified the +6 tower shield "Fihysey" {rN+ Stlth+}
 73851 | Swamp:4  | Killed Kirke
 74336 | Swamp:4  | Identified the -12 tower shield of True Grit {rElec rF+ rC-
                  | Will+}
 74336 | Swamp:4  | Noticed Louise
 74355 | Swamp:4  | Killed Louise
 74541 | Swamp:4  | Noticed a bone dragon
 74903 | Swamp:4  | Killed a bone dragon
 75149 | Swamp:4  | Got a decaying rune of Zot
 75585 | Depths:1 | Entered Level 1 of the Depths
 75848 | Orc:2    | Bought a scroll of enchant weapon for 112 gold pieces
 77112 | Depths:1 | Noticed Asterion
 77122 | Depths:1 | Killed Asterion
 77123 | Depths:1 | Reached XP level 20. HP: 132/152 MP: 38/38
 77426 | Depths:1 | Found Oney's Distillery.
 77431 | Depths:1 | Bought a potion of resistance for 170 gold pieces
 78128 | Depths:1 | Learned a level 4 spell: Summon Lightning Spire
 78340 | Depths:1 | Found a gateway to Hell.
 79080 | Depths:2 | Found an ornate altar of the Wu Jian Council.
 80586 | Depths:2 | Found a one-way gate leading to the halls of Pandemonium.
 80721 | Depths:2 | Reached skill level 15 in Invocations
 81228 | Depths:2 | Found a one-way gate to the infinite horrors of the Abyss.
 81474 | Depths:2 | Identified the +1 halberd of Eternal Vigilance {flame,
                  | rPois Str+6}
 83355 | Depths:3 | Noticed a golden dragon
 83363 | Depths:3 | Killed a golden dragon
 83738 | Depths:3 | Noticed a caustic shrike
 83738 | Depths:3 | an acid blob changed into a caustic shrike
 83742 | Depths:3 | Noticed a golden dragon
 83742 | Depths:3 | a caustic shrike changed into a golden dragon
 83748 | Depths:3 | a golden dragon changed into an eleionoma
 83844 | Depths:3 | Reached XP level 21. HP: 165/165 MP: 35/39
 84017 | Depths:3 | HP: 1/165 [titan (20)]
 84018 | Depths:3 | Slain by a titan

Illustrated notes

Levels and vault maps discovered:
D:1:      dpeg_arrival_round_c, layout_basic, basic_ecumenical_altar,
          hangedman_decor_slide_cut
D:2:      layout_rooms, basic_altar, minmay_randomly_rotated_circles
D:3:      layout_rooms, lemuel_doored_altar,
          nicolae_uskayaw_murder_on_the_dancefloor,
          lemuel_coloured_pillars_altar
D:4:      layout_cave_pods, mainiacjoe_overflow_chevrons, bloody_trog,
          gammafunk_ghost_mausoleum, serial_rivers,
          chequers_serial_rivers_large_a, chequers_serial_rivers_large_b,
          chequers_serial_rivers_micro_b, chequers_serial_rivers_small_3,
          chequers_serial_rivers_small_b, guppyfry_shop_venom
D:5:      minmay_recursive_quarters, layout_rooms, kennysheep_mini_moat,
          kennysheep_little_box, minmay_temple_entry_from_below_a
D:6:      minmay_skewed_foursquare, layout_cave_pools, fedhas_altar_fruit_tree,
          serial_shops, kennysheep_mini, shop, shop, nicolae_lakefront_shop,
          nicolae_shop_stone
D:7:      layout_basic, lemuel_crystal_altar
D:8:      layout_loops_ring
D:9:      layout_basic, nicolae_dithmenos_the_darkroom, erik_orc_2,
          enter_bailey_5, lightli_corner_chamber, uniq_gastronok
D:10:     layout_irregular_city, vehumet_crystals, erik_lair_orcish_takeover,
          uniq_urug
D:11:     layout_roguey
D:12:     layout_basic, serial_shops, nicolae_shop_statue_plus, minivault_13
D:13:     layout_roguey, david_vaults_5, the_hattery
D:14:     minmay_the_grid_triangle_9x9_recursive_2_mashed
          [minmay_the_grid_triangle_9x9_prize_center,
          minmay_the_grid_triangle_9x9_intruding_spiral,
          minmay_the_grid_triangle_9x9_empty,
          minmay_the_grid_triangle_9x9_cache], layout_basic, okawaru_trees_2,
          grunt_ministairs_13, minmay_misc_feat_more_columns,
          kennysheep_four_rooms
D:15:     gammafunk_enter_depths_forms, layout_long_grid
Lair:1:   layout_cave_pods, nzn_sisyphean_effort
Lair:2:   layout_cave_pods, spider_nest_entry_webs, serial_bayou_pond_c
Lair:3:   layout_roguey [special_room_bee], basic_altar, enter_volcano_1,
          serial_bayou_ford_a, lemuel_fruit_tree
Lair:4:   hellmonk_destroyed_diamonds, layout_cave_pods, swamp_mist,
          patterned_corridor, uniq_snorg
Lair:5:   layout_hall_layers, minmay_slime_entry_oklob_enclosed,
          hibernation_bobbens
Lair:6:   wormcave, layout_hall_layers, guppyfry_lair_end_dragon
Swamp:1:  layout_falls_marsh, nicolae_swamp_tree_designs, uniq_roxanne
Swamp:2:  layout_basic_swamp, hangedman_swamp_cone, infiniplex_staircase_pool
Swamp:3:  layout_basic_swamp, nicolae_swamp_decorative_isthmus
Swamp:4:  swamp_pestilence, layout_basic_swamp, uniq_kirke, uniq_nikola,
          uniq_louise
Spider:1: layout_spider_delve, hellmonk_test_site,
          hangedman_spider_tarantella_strand
Spider:2: layout_chambers, hellmonk_motheaten_closet
Spider:3: layout_spider_delve, spiders_nest_spider_trap, uniq_arachne
Spider:4: spider_rune_water, guppyfry_spider_mini_2
Orc:1:    layout_diamond_mine, uniq_erolcha
Orc:2:    pubby_orc_utopia
Elf:1:    eino_elf_arrival_altar, layout_loops_cross, minivault_16, drop_trap
Elf:2:    elven_hall_of_blades_hangedman_original
          [infiniplex_blade_entry_pillars], layout_rooms, nicolae_stop_n_shop_2,
          minmay_shop_grove, lemuel_upstairs_altar
Vaults:1: v_alt_pattern_5, ontoclasm_vaults_spin, nicolae_vaults_asterisk,
          nicolae_vaults_twisting_passages, nicolae_vaults_yaktaur_gun_rack,
          vaults_dpeg_ring, vaults_room_door_hall, vaults_room_stairs_pillars,
          layout_vaults_quadrants
Vaults:2: v_misc_22, ontoclasm_vaults_idyll, v_misc_5,
          nicolae_vaults_stairing_the_circle, vaults_mumra_minichess_inversion,
          v_misc_11, v_rooms_4, hangedman_vaults_restitches,
          minmay_crypt_entry_simple_corners, nicolae_vaults_little_squares_2,
          v_misc_19, layout_vaults_ring, serial_shops, nicolae_lakefront_shop,
          uniq_mennas
Vaults:3: nicolae_vaults_diagonal_hallway_8, hangedman_vaults_restitches,
          vaults_dpeg_doors, v_alt_pattern_6, v_pattern_2,
          nicolae_vaults_network_barrier, nicolae_vaults_network_quinsquares
          [nicolae_vaults_network_quincunx_subvault,
          nicolae_vaults_network_quincunx_subvault,
          nicolae_vaults_network_quincunx_subvault,
          nicolae_vaults_network_quincunx_subvault],
          ontoclasm_vaults_loading_screen, vaults_room_corners,
          layout_vaults_maze_snakey, serial_shops, shop, uniq_aizul
Depths:1: layout_basic, hangedman_tar_grid_catacomb, serial_sigils,
          serial_sigils_hangedman_leer, serial_sigils_hangedman_quiver,
          serial_sigils_hangedman_stare, serial_sigils_hangedman_shear,
          serial_sigils_hangedman_snap, serial_sigils_hangedman_carve,
          serial_shops, shop, kennysheep_generic_room_16, uniq_asterion
Depths:2: nooodl_glass_maze, layout_gridlike, abyss_entry,
          nicolae_wu_jian_wuxing_cycle, pan_entry, grunt_hell_entry_dis_old,
          kennysheep_island_fort, firewood_loft, minmay_staircase_windowed_small
Depths:3: nicolae_legendary_halls, layout_cave_pools, grunt_decor_fettered,
          hell_entry, abyss_entry_flame_altar,
          infiniplex_staircase_split_hallway

Skill      XL: |  1  2  3  4  5  6  7  8  9 10 11 12 13 14 15 16 17 18 19 20 |
---------------+-------------------------------------------------------------+-----
Spellcasting   | 5 6 7 8 9 10 11 12 13 14 | 14.9
Invocations    | 1 2 3 4 5 6 7 8 9 10 11 12 13 14 15 | 15.3
Fighting       | 1 2 3 4 5 6 7 8 9 10 11 12 13 14 | 14.1
Short Blades   | 1 2 3 4 5 6 7 8 9 10 11 12 13 14 | 14.1
Long Blades    | 1 2 3 4 5 6 7 8 9 10 11 12 13 14 | 14.1
Axes           | 1 2 3 4 5 6 7 8 9 10 11 12 13 14 | 14.1
Maces & Flails | 1 2 3 4 5 6 7 8 9 10 11 12 13 14 | 14.1
Polearms       | 1 2 3 4 5 6 7 8 9 10 11 12 13 14 | 14.1
Staves         | 1 2 3 4 5 6 7 8 9 10 11 12 13 14 | 14.1
Slings         | 1 2 3 4 5 6 7 8 9 10 11 12 13 14 | 14.1
Bows           | 1 2 3 4 5 6 7 8 9 10 11 12 13 14 | 14.1
Crossbows      | 1 2 3 4 5 6 7 8 9 10 11 12 13 14 | 14.1
Throwing       | 1 2 3 4 5 6 7 8 9 10 11 12 13 14 | 14.1
Armour         | 1 2 3 4 5 6 7 8 9 10 11 12 13 14 | 14.1
Shields        | 1 2 3 4 5 6 7 8 9 10 11 12 13 14 | 14.1
Unarmed Combat | 1 2 3 4 5 6 7 8 9 10 11 12 13 14 | 14.1
Evocations     | 1 2 3 4 5 6 7 8 9 10 11 12 13 14 | 14.1
Conjurations   | 1 2 3 4 5 6 7 8 9 10 11 12 | 12.0
Hexes          | 1 2 3 4 5 6 7 8 9 10 11 12 | 12.0
Summonings     | 1 2 3 4 5 6 7 8 9 10 11 12 | 12.0
Necromancy     | 1 2 3 4 5 6 7 8 9 10 11 12 | 12.0
Translocations | 1 2 3 4 5 6 7 8 9 10 11 12 | 12.0
Transmutations | 1 2 3 4 5 6 7 8 9 10 11 12 | 12.0
Fire Magic     | 1 2 3 4 5 6 7 8 9 10 11 12 | 12.0
Air Magic      | 1 2 3 4 5 6 7 8 9 10 11 12 | 12.0
Earth Magic    | 1 2 3 4 5 6 7 8 9 10 11 12 | 12.0
Poison Magic   | 1 2 3 4 5 6 7 8 9 10 11 12 | 12.0
Dodging        | 5 6 7 8 9 10 11 12 13 14 | 14.8
Stealth        | 5 6 7 8 9 10 11 12 13 14 | 14.7
Ice Magic      | 8 9 10 11 12 13 | 13.8

Action                   |  1- 3 |  4- 6 |  7- 9 | 10-12 | 13-15 | 16-18 | 19-21 || total
-------------------------+-------+-------+-------+-------+-------+-------+-------++-------
Melee: Mace              |     9 |       |       |       |       |       |       ||     9
       Bite              |     1 |       |     8 |    17 |    89 |    51 |    31 ||   197
       Scimitar          |       |     9 |   151 |    27 |   325 |   345 |   171 ||  1028
       Punch             |       |       |     4 |       |       |       |       ||     4
       Long sword        |       |       |       |    72 |       |       |       ||    72
       War axe           |       |       |       |       |   172 |       |     2 ||   174
       Dagger            |       |       |       |       |       |     1 |       ||     1
 Fire: Hunting sling     |       |   101 |    43 |       |       |       |       ||   144
       Hand crossbow     |       |       |       |   348 |   166 |   500 |   377 ||  1391
Throw: Dart              |       |       |    41 |    42 |   267 |       |       ||   350
       Boomerang         |       |       |       |     4 |       |    33 |    66 ||   103
       Javelin           |       |       |       |       |       |       |     7 ||     7
 Cast: Freeze            |    41 |    64 |    59 |    79 |     4 |       |       ||   247
       Frozen Ramparts   |       |     3 |    17 |    32 |    42 |    10 |    18 ||   122
       Tukima's Dance    |       |       |    19 |     8 |    11 |       |     3 ||    41
       Summon Guardian G |       |       |     1 |    20 |    93 |    77 |       ||   191
       Hailstorm         |       |       |       |     6 |    16 |    10 |       ||    32
       Call Canine Famil |       |       |       |    20 |    85 |    97 |     3 ||   205
       Petrify           |       |       |       |       |     6 |     2 |       ||     8
       Animate Dead      |       |       |       |       |     2 |    28 |    11 ||    41
       Ozocubu's Armour  |       |       |       |       |     2 |       |       ||     2
       Borgnjor's Vile C |       |       |       |       |    87 |   214 |   128 ||   429
       Sublimation of Bl |       |       |       |       |     6 |     3 |     7 ||    16
       Mephitic Cloud    |       |       |       |       |       |    13 |    14 ||    27
       Manifold Assault  |       |       |       |       |       |    17 |    15 ||    32
       Blink             |       |       |       |       |       |     3 |     3 ||     6
       Lee's Rapid Decon |       |       |       |       |       |    12 |    51 ||    63
       Olgreb's Toxic Ra |       |       |       |       |       |       |    64 ||    64
       Summon Lightning  |       |       |       |       |       |       |    51 ||    51
Invok: Shadow Form       |       |       |       |       |       |     1 |     1 ||     2
 Abil: End Transformatio |       |       |       |       |       |       |     1 ||     1
Evoke: Wand              |       |       |       |    22 |    32 |    38 |     5 ||    97
       Condenser vane    |       |       |       |     1 |     3 |    10 |     8 ||    22
       Phantom mirror    |       |       |       |       |     3 |     9 |     7 ||    19
       Phial of floods   |       |       |       |       |     3 |     7 |     8 ||    18
       Lightning rod     |       |       |       |       |       |    23 |    16 ||    39
       Box of beasts     |       |       |       |       |       |     6 |     5 ||    11
       Tin of tremorston |       |       |       |       |       |       |     5 ||     5
  Use: Scroll            |     1 |     9 |     7 |    12 |    18 |    32 |    13 ||    92
       Potion            |       |     2 |       |     1 |     1 |    20 |     4 ||    28
 Stab: Sleeping          |     2 |       |     3 |       |     3 |       |       ||     8
       Distracted        |       |       |     1 |     1 |     3 |     3 |     3 ||    11
       Petrified         |       |       |       |       |     8 |     1 |       ||     9
       Confused          |       |       |       |       |       |     3 |     1 ||     4
       Paralysed         |       |       |       |       |       |     3 |       ||     3
Armor: Robe              |    15 |    19 |     8 |       |       |       |       ||    42
       Skin              |       |     6 |       |       |       |       |       ||     6
       Leather armour    |       |       |    44 |    10 |       |       |       ||    54
       Acid dragon scale |       |       |       |    98 |   219 |   433 |   177 ||   927
       Pearl dragon scal |       |       |       |       |       |    50 |       ||    50
Dodge: Dodged            |    36 |    71 |   142 |   249 |   369 |   497 |   263 ||  1627
Block: Buckler           |       |       |    37 |   193 |   445 |   339 |   113 ||  1127
       Reflection        |       |       |       |    13 |    32 |    21 |    16 ||    82
       Kite shield       |       |       |       |       |       |       |    58 ||    58
       Other             |       |       |       |       |       |       |     2 ||     2
